[Event "Titled Tuesday Blitz September 13 Late 2022"]
[White "Shimanov, Aleksandr"]
[Black "Fernandez De La Vara, Arnaldo"]
[WhiteFideId "4198603"]
[BlackFideId "3518388"]
[WhiteElo "2605"]
[BlackElo "2387"]
[Result "0-1"]
[Round "05"]
[TimeControl "180+1"]
[Date "2022.09.13"]
[WhiteClock "0:00:16"]
[BlackClock "0:00:07"]

1. e4 c5 2. Nf3 e6 3. g3 Nc6 4. Bg2 Nf6 5. d3 d5 6. Qe2 Be7 7. e5 Nd7 8. c4 d4 9. h4 Qc7 10. Bf4 b6 11. Nbd2 Bb7 12. a3 h6 13. h5 O-O-O 14. Kd1 a6 15. Kc2 b5 16. b3 Kb8 17. Rhe1 Ka7 18. g4 g6 19. Bg3 Rdg8 20. Rh1 gxh5 21. gxh5 Rg4 22. Bh3 Rg7 23. Bf4 Bg5 24. Nxg5 hxg5 25. Bg3 Ncxe5 26. Rhe1 f6 27. Bxe6 Qc6 28. Bf5 bxc4 29. Nxc4 Nxc4 30. dxc4 Ne5 31. Bxe5 Re8 32. h6 Rge7 33. Qd3 fxe5 34. h7 e4 35. Qh3 Rh8 36. Qh5 Qf6 37. Qg4 d3+ 38. Kd2 Qb2+ 39. Ke3 Qd4+ 40. Kd2 Qb2+ 41. Ke3 Qd4+ 42. Kd2 Qxf2+ 43. Kd1 Qc2# 0-1


[Site "https://www.chess.com"]

[Event "Titled Tuesday Blitz September 13 Late 2022"]
[White "Tari, Aryan"]
[Black "Cruz, Jonathan"]
[WhiteFideId "1510045"]
[BlackFideId "3802124"]
[WhiteElo "2612"]
[BlackElo "2406"]
[Result "1-0"]
[Round "05"]
[TimeControl "180+1"]
[Date "2022.09.13"]
[WhiteClock "0:00:06"]
[BlackClock "0:00:02"]

1. Nf3 Nf6 2. c4 g6 3. Nc3 Bg7 4. e4 O-O 5. d4 c6 6. Bd3 d5 7. cxd5 cxd5 8. e5 Ne8 9. h3 Nc6 10. O-O Nc7 11. Be3 f6 12. exf6 Bxf6 13. Re1 Qd6 14. Qd2 Bg7 15. Qd1 Bf5 16. Bf1 Rae8 17. a3 Kh8 18. Rc1 Ne6 19. g4 Be4 20. Nxe4 dxe4 21. d5 exf3 22. dxc6 Bxb2 23. Qxd6 exd6 24. Rb1 Bc3 25. Rec1 Bd4 26. Bxd4+ Nxd4 27. cxb7 Ne2+ 28. Bxe2 fxe2 29. Re1 d5 30. Rb2 Rb8 31. Rexe2 Rf7 32. Red2 Rfxb7 33. Rxb7 Rxb7 34. Rxd5 Rb3 35. Ra5 Rxh3 36. Rxa7 h5 37. gxh5 gxh5 38. Kg2 Rb3 39. a4 h4 40. a5 Ra3 41. a6 h3+ 42. Kh2 Kg8 43. f4 Kf8 44. f5 Kg8 45. Kg1 Kf8 46. Kh1 Ra2 47. Kg1 h2+ 48. Kh1 Kg8 49. f6 Kf8 50. f7 Ra1+ 51. Kxh2 Ra2+ 52. Kg3 Ra3+ 53. Kf4 Ra1 54. Ke5 Re1+ 55. Kd6 Rd1+ 56. Kc7 Ra1 57. Kb8 1-0


[Site "https://www.chess.com"]

[Event "Titled Tuesday Blitz September 13 Late 2022"]
[White "Tatarinov, Dmitry"]
[Black "Bortnyk, Olexandr"]
[WhiteFideId "24160067"]
[BlackFideId "14120828"]
[WhiteElo "2324"]
[BlackElo "2723"]
[Result "0-1"]
[Round "05"]
[TimeControl "180+1"]
[Date "2022.09.13"]
[WhiteClock "0:01:02"]
[BlackClock "0:00:09"]

1. d4 d6 2. c4 e5 3. Nc3 exd4 4. Qxd4 Nc6 5. Qd2 g6 6. b3 Bg7 7. Bb2 Nf6 8. e3 O-O 9. Nf3 Be6 10. Be2 d5 11. cxd5 Nxd5 12. Nxd5 Qxd5 13. Bxg7 Qxd2+ 14. Kxd2 Kxg7 15. Kc3 Bd5 16. Rhd1 Rfd8 17. Rd2 Be6 18. Rad1 Rxd2 19. Rxd2 h6 20. Bb5 Ne7 21. Bc4 Kf6 22. Bxe6 Kxe6 23. Nd4+ Kf6 24. Nb5 a6 25. Nxc7 Rc8 26. Rd7 Rxc7+ 27. Rxc7 Nd5+ 28. Kc4 Nxc7 29. Kc5 Ne8 30. Kb6 Nd6 31. Kc7 Ke6 32. a4 f5 33. f3 g5 34. b4 Kd5 35. Kb6 h5 36. Kc7 b5 37. a5 Nc4 38. Kb7 Nxe3 39. Kxa6 Kc6 40. Ka7 Kc7 41. Ka6 Kc6 42. Ka7 Nd5 43. a6 Nxb4 44. h4 gxh4 45. f4 Nxa6 46. Kxa6 b4 0-1


[Site "https://www.chess.com"]

[Event "Titled Tuesday Blitz September 13 Late 2022"]
[White "Ter-Sahakyan, Samvel"]
[Black "Andreikin, Dmitry"]
[WhiteFideId "13302531"]
[BlackFideId "4158814"]
[WhiteElo "2604"]
[BlackElo "2736"]
[Result "0-1"]
[Round "05"]
[TimeControl "180+1"]
[Date "2022.09.13"]
[WhiteClock "0:00:03"]
[BlackClock "0:00:07"]

1. e4 e6 2. d4 d5 3. e5 c5 4. c3 Nc6 5. Nf3 Qb6 6. Be2 Nh6 7. Bxh6 gxh6 8. Qd2 Bd7 9. O-O Rg8 10. Na3 a6 11. h3 O-O-O 12. dxc5 Bxc5 13. b4 Be7 14. Nc2 Rg7 15. Rfe1 Rdg8 16. Bf1 f6 17. Ncd4 Nxe5 18. Nxe5 fxe5 19. Rxe5 Bf6 20. Rh5 Bg5 21. Qe2 Be8 22. Rxg5 hxg5 23. Re1 Bd7 24. a4 g4 25. hxg4 Rxg4 26. b5 Re4 27. Qd2 e5 28. Rxe4 dxe4 29. Nc2 axb5 30. axb5 Bxb5 31. Qd5 Rf8 32. Bxb5 Rxf2 33. Ne3 Rb2 34. Qg8+ Kc7 35. Qg7+ Kb8 36. Qxe5+ Ka7 37. Qxe4 Rxb5 38. Kh2 Rh5+ 39. Kg3 Rg5+ 40. Kf4 Qf6+ 41. Nf5 Rg6 42. Qe3+ Qb6 43. Qe4 Qc7+ 44. Kf3 Qxc3+ 45. Kf4 Qd2+ 46. Ne3 Qf2+ 47. Ke5 Qf6+ 48. Kd5 Qc6+ 49. Kd4 Rd6+ 0-1


[Site "https://www.chess.com"]

[Event "Titled Tuesday Blitz September 13 Late 2022"]
[White "Trost, Edvin"]
[Black "Sjugirov, Sanan"]
[WhiteFideId "1729519"]
[BlackFideId "4189302"]
[WhiteElo "2186"]
[BlackElo "2609"]
[Result "0-1"]
[Round "05"]
[TimeControl "180+1"]
[Date "2022.09.13"]
[WhiteClock "0:00:05"]
[BlackClock "0:00:14"]

1. Nf3 d5 2. b3 Bf5 3. Bb2 e6 4. g3 Nf6 5. Bg2 h6 6. O-O Be7 7. d3 O-O 8. Nbd2 Bh7 9. Re1 a5 10. a4 c5 11. e4 Nc6 12. Ne5 Nb4 13. exd5 exd5 14. Ndf3 Qc7 15. Qd2 Rae8 16. Re2 Bd6 17. Rae1 Re7 18. h3 Rfe8 19. Qd1 Re6 20. Bc3 Qe7 21. Bf1 Qc7 22. Bg2 b6 23. Ng4 Nxg4 24. Rxe6 Rxe6 25. Rxe6 fxe6 26. hxg4 Nc6 27. Qe2 Qf7 28. Ne5 Nxe5 29. Bxe5 Bf8 30. f4 Bg6 31. Bf3 Qd7 32. Kh2 Bf7 33. Kh3 b5 34. axb5 Qxb5 35. g5 hxg5 36. fxg5 Qe8 37. Bg4 Qe7 38. Bf4 g6 39. Qe5 Bg7 40. Qc7 Qxc7 41. Bxc7 Bc3 42. Bb6 Bb4 43. Kg2 Kf8 44. Kf3 Ke7 45. Kf4 Kd6 46. d4 cxd4 47. Bxd4 Bd2+ 48. Be3 e5+ 49. Kf3 Bxe3 50. Kxe3 d4+ 51. Kd3 Be8 52. Bf3 Bb5+ 53. Kd2 Bc6 54. Bxc6 Kxc6 55. Kd3 Kd5 56. c3 e4+ 57. Kd2 d3 58. Ke3 Kc5 59. g4 Kb5 60. Kd2 a4 61. bxa4+ Kxa4 62. c4 Kb4 63. c5 Kxc5 64. Ke3 Kd5 65. Kd2 Kd4 66. Ke1 e3 67. Kf1 Ke4 68. Kg2 d2 69. Kg3 d1=Q 70. Kh4 Kf3 71. Kh3 Qh1# 0-1


[Site "https://www.chess.com"]

[Event "Titled Tuesday Blitz September 13 Late 2022"]
[White "Vasquez Schroeder, Rodrigo"]
[Black "Barp, Alberto"]
[WhiteFideId "3400042"]
[BlackFideId "872555"]
[WhiteElo "2577"]
[BlackElo "2229"]
[Result "1-0"]
[Round "05"]
[TimeControl "180+1"]
[Date "2022.09.13"]
[WhiteClock "0:00:44"]
[BlackClock "0:00:10"]

1. e4 c6 2. d4 d5 3. exd5 cxd5 4. Bd3 Nc6 5. c3 Qc7 6. Ne2 Bg4 7. O-O Nf6 8. f3 Bh5 9. Bf4 Qb6 10. Qb3 Bg6 11. Nc1 e6 12. Kh1 Bxd3 13. Nxd3 Qa6 14. Rd1 Be7 15. Qc2 Rc8 16. Qe2 O-O 17. Nd2 Nd7 18. Nb3 Rfe8 19. Qf2 Qb6 20. Rab1 a5 21. Be3 a4 22. Nbc1 Na5 23. Ne2 Qb5 24. Qg3 Nc4 25. Bg5 Bf8 26. h3 Nd6 27. Bf4 Nf5 28. Qf2 Nb6 29. g4 Nd6 30. b3 axb3 31. axb3 Nd7 32. Qg3 Qb6 33. c4 Qc6 34. c5 Ne4 35. fxe4 dxe4 36. Ne5 Nxe5 37. Bxe5 f6 38. Bf4 e5 39. dxe5 fxe5 40. Be3 Be7 41. b4 Rf8 42. Ng1 Kh8 43. Qxe5 Bh4 44. Qd5 Qg6 45. Rf1 h6 46. Qh5 1-0


[Site "https://www.chess.com"]

[Event "Titled Tuesday Blitz September 13 Late 2022"]
[White "Xiong, Jeffery"]
[Black "Atanasov, Anthony"]
[WhiteFideId "2047640"]
[BlackFideId "2623897"]
[WhiteElo "2714"]
[BlackElo "1933"]
[Result "1-0"]
[Round "05"]
[TimeControl "180+1"]
[Date "2022.09.13"]
[WhiteClock "0:00:35"]
[BlackClock "0:00:01"]

1. d4 Nf6 2. c4 g6 3. Nc3 d5 4. Nf3 Bg7 5. Bf4 O-O 6. Rc1 dxc4 7. e3 c5 8. dxc5 Qa5 9. Bxc4 Qxc5 10. Qe2 Nc6 11. O-O Bg4 12. Nb5 Qh5 13. h3 Bxf3 14. Qxf3 a6 15. Nc7 Rac8 16. g4 Qa5 17. Nd5 Nxd5 18. Bxd5 Ne5 19. Qe4 Rxc1 20. Rxc1 Qd2 21. Rc7 Nd3 22. Bg3 e6 23. Bb3 Qe1+ 24. Kg2 Qe2 25. Qc4 Ne1+ 26. Kg1 Nf3+ 27. Kg2 Ne1+ 28. Kg1 Nf3+ 29. Kh1 Qe1+ 30. Kg2 Nd2 31. Qd3 Nxb3 32. Qxb3 b5 33. Bd6 Rd8 34. Be7 Rd1 35. Rc8+ Bf8 36. Rxf8+ Kg7 37. Qc3+ Qxc3 38. bxc3 Rd7 39. Re8 Rc7 40. Bd6 Rc6 41. Be5+ f6 42. Re7+ Kh6 43. Bxf6 e5 44. g5+ Kh5 45. Rxh7# 1-0


[Site "https://www.chess.com"]

[Event "Titled Tuesday Blitz September 13 Late 2022"]
[White "Yurovskykh, Oleksandr"]
[Black "Wan, Joseph"]
[WhiteFideId "14134020"]
[BlackFideId "2069890"]
[WhiteElo "2303"]
[BlackElo "2198"]
[Result "0-1"]
[Round "05"]
[TimeControl "180+1"]
[Date "2022.09.13"]
[WhiteClock "0:00:13"]
[BlackClock "0:00:50"]

1. d4 d5 2. Bf4 c5 3. e3 Nc6 4. c3 Nf6 5. Nd2 Bf5 6. Ngf3 e6 7. Qb3 Qb6 8. Qxb6 axb6 9. Bb5 Nd7 10. Ne5 Ndxe5 11. Bxe5 Rc8 12. a4 f6 13. Bg3 h5 14. h3 h4 15. Bh2 Kf7 16. O-O Be7 17. Rfe1 cxd4 18. exd4 g5 19. Nf1 Na7 20. Be2 Nc6 21. Ne3 Bg6 22. Bg4 f5 23. Be2 Bf6 24. Bd3 Na5 25. Nf1 Nc4 26. Ra2 f4 27. Bxg6+ Kxg6 28. f3 Kf5 29. Kh1 Ra8 30. Bg1 Rhc8 31. Rd1 b5 32. b3 Nd6 33. Rd3 bxa4 34. bxa4 Rc6 35. Nh2 Rca6 36. Ng4 Bg7 37. Bf2 Rxa4 38. Rxa4 Rxa4 39. Rd1 Rc4 40. Be1 Nb5 41. Rb1 Nxc3 42. Bxc3 Rxc3 43. Rxb7 Bxd4 44. Rf7+ Kg6 45. Re7 Rc1+ 46. Kh2 Bg1+ 0-1


[Site "https://www.chess.com"]

[Event "Titled Tuesday Blitz September 13 Late 2022"]
[White "Al Hosani, Omran"]
[Black "Winterberg, Lukas"]
[WhiteFideId "9308733"]
[BlackFideId "24622702"]
[WhiteElo "2167"]
[BlackElo "2349"]
[Result "1-0"]
[Round "06"]
[TimeControl "180+1"]
[Date "2022.09.13"]
[WhiteClock "0:00:19"]
[BlackClock "0:00:22"]

1. d4 Nf6 2. c4 e6 3. Nc3 d5 4. cxd5 exd5 5. Bg5 c6 6. e3 h6 7. Bh4 Be7 8. Nf3 O-O 9. Bd3 Re8 10. O-O Ne4 11. Bxe7 Qxe7 12. Bxe4 dxe4 13. Nd2 f5 14. Rb1 Na6 15. b4 Be6 16. a3 Nc7 17. Nb3 Bxb3 18. Qxb3+ Qf7 19. Qxf7+ Kxf7 20. b5 Nd5 21. Na4 Rab8 22. bxc6 bxc6 23. Rfc1 Ke7 24. h3 Kd6 25. Nc5 Rb6 26. Nb7+ Kd7 27. Na5 Reb8 28. Rxb6 Rxb6 29. Kh2 g5 30. Rc5 f4 31. Nxc6 fxe3 32. Ne5+ Ke6 33. fxe3 Nxe3 34. Ng4 Nd5 35. Ra5 h5 36. Nf2 e3 37. Nd3 a6 38. Kg3 Rb3 39. Nc5+ Kf5 40. Nxb3 Ke4 41. Rxd5 h4+ 42. Kg4 Kxd5 43. Kf3 Kc4 44. Kxe3 Kxb3 45. d5 Kxa3 46. d6 a5 47. d7 a4 48. d8=Q Kb2 49. Qd2+ Ka3 50. Qc3+ Ka2 51. Qc4+ Ka3 52. Ke4 g4 53. hxg4 Kb2 54. Kf5 a3 55. g5 a2 56. Qxa2+ Kxa2 57. g6 h3 58. gxh3 Kb3 59. g7 Kc3 60. g8=Q Kd3 61. h4 Ke3 62. h5 Kf3 63. h6 Ke3 64. h7 Kd4 65. h8=Q+ Kc5 66. Qe5+ Kb6 67. Qd8+ Ka7 68. Qdc7+ Ka6 69. Qea5# 1-0


[Site "https://www.chess.com"]

[Event "Titled Tuesday Blitz September 13 Late 2022"]
[White "Andreikin, Dmitry"]
[Black "Bortnyk, Mykola"]
[WhiteFideId "4158814"]
[BlackFideId "14120836"]
[WhiteElo "2736"]
[BlackElo "2582"]
[Result "1-0"]
[Round "06"]
[TimeControl "180+1"]
[Date "2022.09.13"]
[WhiteClock "0:00:06"]
[BlackClock "0:00:08"]

1. d4 Nf6 2. c4 g6 3. Nc3 Bg7 4. e4 d6 5. h3 a5 6. Be3 c6 7. Nf3 Nbd7 8. e5 dxe5 9. dxe5 Ng8 10. e6 fxe6 11. Ng5 Ne5 12. Qxd8+ Kxd8 13. Na4 h6 14. O-O-O+ Ke8 15. Nb6 Rb8 16. Nf3 Nxf3 17. gxf3 e5 18. Nxc8 Rxc8 19. Bd3 Kf7 20. Rdg1 g5 21. h4 Nf6 22. hxg5 hxg5 23. Bxg5 Rxh1 24. Rxh1 Rh8 25. Rxh8 Bxh8 26. Bd2 b6 27. c5 b5 28. Bxa5 e4 29. Bxe4 Nxe4 30. fxe4 Bd4 31. f4 Bxc5 32. Kc2 Ke6 33. Bc3 Be3 34. Bd2 Bd4 35. b3 Kd6 36. Kd3 Bf2 37. a4 bxa4 38. bxa4 e6 39. Kc4 Kc7 40. Ba5+ Kd6 41. Bb4+ Kc7 42. Bc5 Bg3 43. Be3 Bh4 44. Kd3 Kb7 45. Bc5 Bf6 46. Bd4 Bd8 47. Bc3 Kb6 48. Kc4 Bh4 49. Bd2 Be7 50. Bb4 Bh4 51. Bc5+ Ka5 52. Kb3 Bg3 53. Bd6 Kb6 54. Kc4 Bh4 55. Bc5+ Ka5 56. Be3 Be7 57. Kb3 Bf6 58. Bd2+ Kb6 59. Kc4 Be7 60. Kd3 Kc5 61. Bc3 Bd8 62. e5 Bh4 63. Bd2 Bd8 64. Ke4 Kb6 65. f5 exf5+ 66. Kxf5 c5 67. Ke6 Kc6 68. Bc3 c4 69. Kf7 Bc7 70. e6 Bd6 71. a5 Kb5 72. Ke8 Bc5 73. Kd7 Bf8 74. Kc7 Bb4 75. Bxb4 Kxb4 76. e7 c3 77. e8=Q c2 78. Qe3 1-0


[Site "https://www.chess.com"]

[Event "Titled Tuesday Blitz September 13 Late 2022"]
[White "Atanasov, Anthony"]
[Black "Souleidis, Georgios"]
[WhiteFideId "2623897"]
[BlackFideId "4206827"]
[WhiteElo "1933"]
[BlackElo "2401"]
[Result "0-1"]
[Round "06"]
[TimeControl "180+1"]
[Date "2022.09.13"]
[WhiteClock "0:00:09"]
[BlackClock "0:00:10"]

1. d4 Nf6 2. Nf3 g6 3. Bf4 Bg7 4. e3 O-O 5. Be2 d6 6. O-O Nfd7 7. Bg5 h6 8. Bh4 f5 9. Nc3 g5 10. Bc4+ Kh7 11. Nxg5+ hxg5 12. Qh5+ Bh6 13. Bxg5 Rf6 14. Nd5 Rg6 15. Bxe7 Qe8 16. Nf4 Nb6 17. Bg5 Bd7 18. Nxg6 Qxg6 19. Bg8+ Kg7 20. Bxh6+ Qxh6 21. Qf7+ Kh8 22. f4 Nc6 23. Rf3 Rxg8 24. Kh1 Nd8 25. Qe7 Nc6 26. Qf7 Nd8 27. Qb3 Rg4 28. Rh3 Rh4 29. Rxh4 Qxh4 30. Rf1 Qh6 31. Rf3 Kg7 32. Rh3 Qe6 33. Rg3+ Kf7 34. Qc3 Ke7 35. Rg7+ Nf7 36. Qxc7 Qxe3 37. h3 Qc1+ 38. Kh2 Qe3 39. Rxf7+ Kxf7 40. Qxd6 Qe7 41. Qh6 Ke8 42. Qh8+ Qf8 43. Qe5+ Kd8 44. Qb8+ Bc8 45. Qxa7 Qd6 46. Kg3 Qxd4 47. Qb8 Qd7 48. Kh2 Nd5 49. Qe5 Ne7 50. c4 Qc7 51. Qf6 Qd7 52. Qh8+ Kc7 53. Qe5+ Qd6 54. Qe3 Bd7 55. c5 Qd5 56. Qxe7 Qc6 57. Qe5+ Kc8 58. h4 Qg6 59. g3 Qg4 60. Qh8+ Kc7 61. Qe5+ Kc8 62. Qe3 Bc6 63. Qe6+ Kc7 64. Qd6+ Kc8 65. Qf8+ Kc7 66. Qf7+ Kc8 67. Qe7 Qd1 68. Qe6+ Kb8 69. Qd6+ Qxd6 70. cxd6 Bd5 71. g4 fxg4 72. Kg3 Kc8 73. Kxg4 Kd7 74. Kg5 Bxa2 75. h5 Kxd6 76. Kg6 Bb1+ 77. f5 Ke5 78. h6 Bxf5+ 79. Kg7 Kd4 80. b4 Kc4 81. h7 Bxh7 82. Kxh7 Kxb4 83. Kg6 Kc3 84. Kf5 b5 85. Ke4 b4 86. Ke3 b3 87. Ke2 Kc2 0-1


[Site "https://www.chess.com"]

[Event "Titled Tuesday Blitz September 13 Late 2022"]
[White "Bayo Milagro, Alvaro"]
[Black "Hansen, Eric"]
[WhiteFideId "22275240"]
[BlackFideId "2606771"]
[WhiteElo "2270"]
[BlackElo "2568"]
[Result "0-1"]
[Round "06"]
[TimeControl "180+1"]
[Date "2022.09.13"]
[WhiteClock "0:00:01"]
[BlackClock "0:00:26"]

1. e4 c5 2. Nf3 e6 3. d4 cxd4 4. Nxd4 a6 5. Be2 Nf6 6. Nc3 Qc7 7. O-O d6 8. a4 Be7 9. Be3 b6 10. f4 Bb7 11. Bf3 Nbd7 12. Qe1 Nc5 13. Bf2 O-O 14. e5 dxe5 15. fxe5 Nfd7 16. Bxb7 Nxb7 17. Nf3 Rad8 18. Ne4 Nbc5 19. Rd1 Nxe4 20. Qxe4 Nc5 21. Qf4 h6 22. b3 Qb7 23. Bxc5 Bxc5+ 24. Kh1 Qc7 25. Nd2 Rd5 26. Nc4 Rfd8 27. Rxd5 Rxd5 28. h3 b5 29. axb5 axb5 30. Nd6 Bxd6 31. exd6 Rxd6 32. Qe5 Qd7 33. Rf3 Rd1+ 34. Kh2 Qd6 35. Re3 Kf8 36. Kg3 Ke7 37. Qxd6+ Kxd6 38. Rf3 f5 39. b4 g5 40. Ra3 Rd4 41. c3 Rd2 0-1


[Site "https://www.chess.com"]

[Event "Titled Tuesday Blitz September 13 Late 2022"]
[White "Besedes, Danilo"]
[Black "Shimanov, Aleksandr"]
[WhiteFideId "946796"]
[BlackFideId "4198603"]
[WhiteElo "2352"]
[BlackElo "2605"]
[Result "0-1"]
[Round "06"]
[TimeControl "180+1"]
[Date "2022.09.13"]
[WhiteClock "0:01:07"]
[BlackClock "0:00:59"]

1. d4 Nf6 2. Bf4 g6 3. e3 Bg7 4. Nf3 O-O 5. h3 d6 6. Bh2 c5 7. c3 Qb6 8. Qb3 Be6 9. Qa3 Nc6 10. Nbd2 a6 11. Be2 Qa7 12. dxc5 dxc5 13. Nb3 b6 14. Rd1 h6 15. O-O Rfc8 16. Ne5 Nxe5 17. Bxe5 Rd8 18. Bf3 Rac8 19. Nc1 Ne8 20. Bxg7 Kxg7 21. b3 c4 22. b4 Nd6 23. Ne2 Bf5 24. Nd4 Bd3 25. Nc6 Rxc6 26. Bxc6 Bxf1 27. Kxf1 Qc7 28. Bf3 Nb5 29. Qc1 Rxd1+ 30. Qxd1 Qe5 31. g3 Qxc3 32. a4 Nd6 33. Qb1 Qd2 34. Kg2 c3 35. Bd1 Nc4 0-1


[Site "https://www.chess.com"]

[Event "Titled Tuesday Blitz September 13 Late 2022"]
[White "Bilan, Danila"]
[Black "Ceres, Dragos"]
[WhiteFideId "24161918"]
[BlackFideId "13905864"]
[WhiteElo "2164"]
[BlackElo "2150"]
[Result "0-1"]
[Round "06"]
[TimeControl "180+1"]
[Date "2022.09.13"]
[WhiteClock "0:00:09"]
[BlackClock "0:01:38"]

1. d4 Nf6 2. Nf3 e6 3. g3 d5 4. Bg2 c5 5. O-O Nc6 6. c4 dxc4 7. Qa4 cxd4 8. Nxd4 Qxd4 9. Bxc6+ Bd7 10. Bxd7+ Qxd7 11. Qxc4 Rc8 12. Qb3 Be7 13. Nc3 O-O 14. Be3 a6 15. Rfd1 Qc6 16. Rac1 Rfd8 17. Nd5 Qe8 18. Nxf6+ Bxf6 19. Qxb7 Rxd1+ 20. Rxd1 Rb8 21. Qxa6 Rxb2 22. Rc1 Rb8 23. a4 Ra8 24. Qb5 Qd8 25. Bb6 Qd2 26. Qc6 Rb8 27. Qc8+ Bd8 28. Qxb8 Qxc1+ 29. Kg2 Qc6+ 30. f3 Qxb6 31. Qc8 Qa5 32. h4 h5 33. Qc6 g6 34. Qe8+ Kg7 35. g4 hxg4 36. fxg4 Bxh4 37. Qc6 Bf6 38. Kf3 Qe5 39. e4 Qa1 40. Qb5 Qd1+ 41. Kg2 Qxg4+ 42. Kf2 Qf4+ 43. Ke2 Qxe4+ 44. Kf2 Bd4+ 0-1


[Site "https://www.chess.com"]

[Event "Titled Tuesday Blitz September 13 Late 2022"]
[White "Bortnyk, Olexandr"]
[Black "Makarian, Rudik"]
[WhiteFideId "14120828"]
[BlackFideId "44105681"]
[WhiteElo "2723"]
[BlackElo "2410"]
[Result "1-0"]
[Round "06"]
[TimeControl "180+1"]
[Date "2022.09.13"]
[WhiteClock "0:00:43"]
[BlackClock "0:00:01"]

1. e4 d6 2. d4 Nf6 3. Nc3 e5 4. Nf3 Nbd7 5. Rg1 g6 6. g4 exd4 7. Nxd4 Bg7 8. Be3 d5 9. exd5 Ne5 10. Qe2 O-O 11. O-O-O Nxd5 12. Nf5 Nxc3 13. bxc3 Nd7 14. Nxg7 Kxg7 15. Qd2 Kg8 16. Bd4 c5 17. Bxc5 Re8 18. Bd4 Qa5 19. Bc4 Qa3+ 20. Kb1 Nb6 21. Qh6 Qf8 22. Qxf8+ Kxf8 23. Bb5 Re6 24. g5 a6 25. Bc5+ Kg7 26. Rd8 Bd7 27. Rxa8 Bxb5 28. Bd4+ 1-0


[Site "https://www.chess.com"]

[Event "Titled Tuesday Blitz September 13 Late 2022"]
[White "Cruz, Jonathan"]
[Black "Melian, Juan Sebastian"]
[WhiteFideId "3802124"]
[BlackFideId "3706575"]
[WhiteElo "2406"]
[BlackElo "1851"]
[Result "0-1"]
[Round "06"]
[TimeControl "180+1"]
[Date "2022.09.13"]
[WhiteClock "0:00:13"]
[BlackClock "0:00:18"]

1. e4 c5 2. Nf3 e6 3. Nc3 a6 4. g3 b5 5. Bg2 Bb7 6. d3 d6 7. O-O Nd7 8. Ng5 Be7 9. f4 Bxg5 10. fxg5 Ne7 11. Be3 O-O 12. Qh5 Ne5 13. Rf2 Rc8 14. Raf1 d5 15. exd5 Nxd5 16. Nxd5 Bxd5 17. Bf4 Bxg2 18. Kxg2 Qd5+ 19. Kh3 Ng6 20. Bd2 Qxa2 21. Bc3 b4 22. Bf6 Qd5 23. Rf4 gxf6 24. Rxf6 c4 25. R1f3 cxd3 26. Rxd3 Qe4 27. Rd7 Rxc2 28. Qd1 Qg2+ 29. Kg4 Ne5+ 0-1


[Site "https://www.chess.com"]

[Event "Titled Tuesday Blitz September 13 Late 2022"]
[White "Dimitrov, Atanas"]
[Black "Nazaretyan, Tigran"]
[WhiteFideId "2901315"]
[BlackFideId "24162345"]
[WhiteElo "2663"]
[BlackElo "2173"]
[Result "0-1"]
[Round "06"]
[TimeControl "180+1"]
[Date "2022.09.13"]
[WhiteClock "0:00:01"]
[BlackClock "0:00:10"]

1. Nf3 Nf6 2. c4 g6 3. g3 Bg7 4. Bg2 O-O 5. O-O c5 6. Nc3 Nc6 7. b3 d5 8. cxd5 Nxd5 9. Bb2 Nc7 10. Rc1 e5 11. d3 b6 12. a3 Bb7 13. Nd2 Rb8 14. Nc4 Qd7 15. Ne3 Nd4 16. Bxb7 Rxb7 17. b4 Nce6 18. Ba1 h5 19. bxc5 Nxc5 20. Rb1 h4 21. Ne4 Nce6 22. Nc4 Rc7 23. e3 Nf5 24. Bxe5 Bxe5 25. Nxe5 Qe7 26. d4 Ng5 27. Nxg5 Qxg5 28. Qf3 hxg3 29. hxg3 Rc3 30. Rbd1 Nxd4 31. Rxd4 Qxe5 32. Rh4 Rxa3 33. Kg2 Ra1 34. Rfh1 Rxh1 35. Rxh1 Kg7 36. Qb7 Qa5 37. Qc7 Re8 38. Qc6 Re6 39. Qf3 Qf5 40. Qe2 Qe4+ 41. Kg1 Rc6 42. Kh2 g5 43. Rd1 Rh6+ 0-1


[Site "https://www.chess.com"]

[Event "Titled Tuesday Blitz September 13 Late 2022"]
[White "Djokic, Mihailo"]
[Black "Perez Ponsa, Federico"]
[WhiteFideId "976440"]
[BlackFideId "117927"]
[WhiteElo "2315"]
[BlackElo "2604"]
[Result "0-1"]
[Round "06"]
[TimeControl "180+1"]
[Date "2022.09.13"]
[WhiteClock "0:02:20"]
[BlackClock "0:02:46"]

1. e4 e5 2. Nf3 Nc6 3. Nc3 Nf6 4. Bb5 Bd6 5. Bxc6 dxc6 6. d4 Nd7 7. O-O O-O 8. Be3 Re8 9. Re1 b6 10. Qd2 Bb7 11. Rad1 Qf6 12. Bg5 Qg6 13. Nh4 Qh5 14. Nf3 exd4 15. Qxd4 Ne5 0-1


[Site "https://www.chess.com"]

[Event "Titled Tuesday Blitz September 13 Late 2022"]
[White "Domingo Nunez, Ruben"]
[Black "Bluebaum, Matthias"]
[WhiteFideId "22245570"]
[BlackFideId "24651516"]
[WhiteElo "2406"]
[BlackElo "2633"]
[Result "0-1"]
[Round "06"]
[TimeControl "180+1"]
[Date "2022.09.13"]
[WhiteClock "0:01:18"]
[BlackClock "0:02:01"]

1. c4 e6 2. g3 d5 3. Bg2 Nf6 4. b3 Be7 5. Nf3 O-O 6. O-O c6 7. Bb2 b6 8. d4 Nbd7 9. Qc2 a5 10. Nc3 Ba6 11. Nd2 b5 12. c5 b4 13. Na4 Bxe2 14. Rfe1 Bb5 15. f4 Qc7 16. Rad1 Rfe8 17. Nf3 Ne4 18. Ne5 Bxa4 19. bxa4 f5 20. Rd3 Nxe5 21. fxe5 Rf8 22. Bc1 Rf7 23. Bf3 Raf8 24. Bh5 g6 25. Bf3 Qd8 26. Bh6 Re8 27. Kg2 Bg5 28. Bxg5 Qxg5 29. a3 Rb8 30. Rb1 Rfb7 31. Bxe4 fxe4 32. Rdb3 Rf8 33. axb4 e3 34. b5 Rf2+ 35. Qxf2 exf2 36. bxc6 Rxb3 37. Rxb3 f1=Q+ 38. Kxf1 Qc1+ 39. Kg2 Qc2+ 40. Kh3 Qxb3 41. c7 Qb7 0-1


[Site "https://www.chess.com"]

[Event "Titled Tuesday Blitz September 13 Late 2022"]
[White "Dounis, Alexandros"]
[Black "Tari, Aryan"]
[WhiteFideId "4213238"]
[BlackFideId "1510045"]
[WhiteElo "2204"]
[BlackElo "2612"]
[Result "0-1"]
[Round "06"]
[TimeControl "180+1"]
[Date "2022.09.13"]
[WhiteClock "0:00:01"]
[BlackClock "0:00:23"]

1. Nf3 Nf6 2. g3 c5 3. Bg2 Nc6 4. d4 cxd4 5. Nxd4 e5 6. Nxc6 dxc6 7. Qxd8+ Kxd8 8. e4 Be6 9. f3 Nd7 10. Be3 Bc5 11. Ke2 a5 12. Rd1 Bxe3 13. Kxe3 Kc7 14. a4 Nc5 15. Nc3 h5 16. Bf1 h4 17. g4 g5 18. Rd2 Rhd8 19. Rad1 Rxd2 20. Rxd2 f6 21. Be2 b6 22. Bf1 Nb7 23. b3 Nd6 24. Be2 Nf7 25. Bf1 Nh8 26. Bd3 Ng6 27. Ne2 Rb8 28. c4 Kd6 29. Rd1 Kc5 30. Kd2 Kb4 31. Kc2 Rd8 32. Kb2 b5 33. axb5 cxb5 34. cxb5 Bxb3 35. Rd2 a4 36. Nc1 Nf4 37. b6 Rb8 38. Bc2 a3+ 39. Ka1 Bxc2 40. Rxc2 Rxb6 41. Na2+ Kb3 42. Rc3+ Ka4 43. Rc5 Rb3 44. Rc4+ Kb5 45. Rc3 Rxc3 46. Nxc3+ Kc4 47. Nb1 Kb3 48. Nd2+ Kc2 49. Nc4 Kd3 50. Nd6 Ke3 51. Ne8 Kxf3 52. Nxf6 Kg2 53. Nh7 Kxh2 54. Nxg5 Kg3 55. Ka2 Kxg4 56. Nf7 Nd3 0-1


[Site "https://www.chess.com"]

[Event "Titled Tuesday Blitz September 13 Late 2022"]
[White "Fernandez De La Vara, Arnaldo"]
[Black "Sjugirov, Sanan"]
[WhiteFideId "3518388"]
[BlackFideId "4189302"]
[WhiteElo "2387"]
[BlackElo "2609"]
[Result "0-1"]
[Round "06"]
[TimeControl "180+1"]
[Date "2022.09.13"]
[WhiteClock "0:00:01"]
[BlackClock "0:00:53"]

1. Nf3 d5 2. g3 Nd7 3. c4 dxc4 4. Qc2 e5 5. Qxc4 Bd6 6. Nc3 Ngf6 7. Bg2 O-O 8. O-O h6 9. d4 Re8 10. dxe5 Nxe5 11. Nxe5 Bxe5 12. Rd1 Qe7 13. Bf4 Be6 14. Qa4 Bd7 15. Qc4 Be6 16. Qa4 Bxf4 17. Qxf4 c6 18. e4 Rad8 19. e5 Nd5 20. Nxd5 Bxd5 21. Bxd5 cxd5 22. Re1 d4 23. Rad1 Qc5 24. Qe4 Rd5 25. f4 d3+ 26. Qe3 Qa5 27. Rd2 Qxa2 28. Rxd3 Rxd3 29. Qxd3 Qxb2 30. Rb1 Qa2 31. Rxb7 Rc8 32. Rb1 a5 33. f5 Rc2 34. Rb8+ Kh7 35. Qf3 Rc1+ 0-1


[Site "https://www.chess.com"]